 Dungeon Crawl Stone Soup version 0.18-a0-912-g81d1dc4 (webtiles) character file.

1971 sugabear the Ducker (level 9, -3/46 HPs)
             Began as a Vine Stalker Gladiator on Dec 25, 2015.
             Slain by an orc warrior
             ... wielding a +2 scimitar of slicing
              (14 damage)
             ... on level 6 of the Dungeon.
             The game lasted 00:08:45 (5035 turns).

sugabear the Ducker (Vine Stalker Gladiator)        Turns: 5035, Time: 00:08:45

Health: -3/46      AC:  4    Str: 20    XL:     9   Next: 20%
Magic:  0/10       EV: 15    Int:  8    God:
Gold:   336        SH:  0    Dex: 16    Spells: 0 memorised, 8 levels left

rFire  . . .     SeeInvis .     D - +2 whip (flame)
rCold  . . .     Gourm    .     b - +0 leather armour
rNeg   . . .     Faith    .     (no shield)
rPois  .         Spirit   +     c - +0 helmet
rElec  .         Dismiss  .     (no cloak)
rCorr  .         Reflect  .     (no gloves)
SustAt .         Harm     .     (no boots)
MR     +....                    (no amulet)
Stlth  ++........               (no ring)
                                (no ring)

@: somewhat resistant to hostile enchantments, unstealthy
A: fangs 3, regeneration 2, magic shield, antimagic bite, no device heal 3, rot
immunity
a: no special abilities


You were on level 6 of the Dungeon.
You were not hungry.

You visited 1 branch of the dungeon, and saw 6 of its levels.

You collected 336 gold pieces.

Inventory:

Hand Weapons
 a - a +0 flail
 t - a cursed -2 flail
 D - a +2 whip of flaming (weapon)
 M - a +0 antimagic war axe
Missiles
 d - a throwing net (quivered)
 x - 5 javelins
Armour
 b - a +0 leather armour (worn)
 c - a +0 helmet (worn)
Jewellery
 l - an uncursed ring of flight {unknown}
 B - an uncursed ring of poison resistance {unknown}
 C - an uncursed ring of protection from fire {unknown}
 E - an uncursed ring of flight {unknown}
 K - a +3 ring of strength {unknown}
 L - a +4 ring of protection {unknown}
 O - an uncursed ring of protection from cold {unknown}
Wands
 m - a wand of slowing (8/48)
 H - a wand of disintegration (17/24)
Scrolls
 e - 12 scrolls of identify {unknown}
 j - 2 scrolls of enchant weapon {unknown}
 n - 4 scrolls of remove curse {unknown}
 p - 4 scrolls of teleportation {unknown}
 q - 2 scrolls of blinking {unknown}
 y - a scroll of amnesia {unknown}
 J - a scroll of summoning {unknown}
 N - 3 scrolls of recharging {unknown}
 P - a scroll of noise {unknown}
 R - 2 scrolls of fog {unknown}
Potions
 g - a potion of magic {unknown}
 h - 2 potions of flight {unknown}
 i - 2 potions of degeneration {unknown}
 k - a potion of heal wounds {unknown}
 s - a potion of poison {unknown}
 u - a potion of berserk rage {unknown}
 v - a potion of haste {unknown}
 z - 2 potions of cure mutation {unknown}
 A - a potion of mutation {unknown}
 F - a potion of lignification {unknown}
 G - 2 potions of curing
 I - a potion of might {unknown}
Books
 w - a book of Beasts

   Spells                             Type                      Level
   a - Summon Butterflies             Summoning                    1
   b - Call Canine Familiar           Summoning                    3
   c - Summon Ice Beast               Ice/Summoning                4
   d - Summon Mana Viper              Hexes/Summoning              5
   e - Summon Hydra                   Summoning                    7
Comestibles
 f - 4 bread rations
 o - 4 beef jerkies
 r - 9 fruits
 Q - 9 chunks of flesh
 S - a meat ration


   Skills:
 + Level 4.5 Fighting
 + Level 5.6 Maces & Flails
 + Level 2.1 Throwing
 + Level 4.1 Armour
 + Level 6.2 Dodging
 + Level 3.1 Stealth
 + Level 1.1 Evocations


You had 8 spell levels left.
You didn't know any spells.

Dungeon Overview and Level Annotations

Branches:
Dungeon (6/15)
 Temple: D:4-7

Altars:
Ashenzari
Cheibriados
Fedhas
Nemelex Xobeh
Okawaru
Pakellas
Qazlal
Yredelemnul

Shops:
D:3 }


Innate Abilities, Weirdness & Mutations

You have razor-sharp teeth.
You heal very quickly.
When hurt, damage is shared between your health and your magic reserves.
Your bite disrupts and absorbs the magic of your enemies.
Potions and wands cannot restore your health.
You are immune to rotting.


Message History

The orc priest hits you with a dagger. The orc wizard hits you with a dagger.
You hit the orc wizard. You burn the orc wizard.
You kill the orc wizard!
You hit the orc warrior. You burn the orc warrior.
You bite the orc warrior, but do no damage.
The orc warrior is lightly wounded.
The orc warrior hits you with a scimitar of slicing!!
The orc priest hits you with a dagger.
* * * LOW HITPOINT WARNING * * *
You are too injured to fight recklessly!
You are too injured to fight recklessly!
You are too injured to fight recklessly!
Throwing (i - inventory. (,) - cycle):
d - 2 throwing nets (quivered)
Press: ? - help, Shift-Dir - straight line, f - orc priest
Aim: an orc priest, wielding a dagger You throw a throwing net.
The throwing net hits the orc priest.
The orc priest is caught in the net!
The orc priest struggles against the net.
The orc warrior hits you with a scimitar of slicing!
You die...

#...# #.####.##.#..#
#...###.###........#
#........(..#.#.#.##
##.<###.###...#..).
#......########.#.#
#......##. # #.
#.###..##.#####.#.#
#.###..# #.oo....#
<. .....# #@##### ##
#..## ##....#
#.#.###.###.#
##.#..#..# ..#.#.#.#
#.#.#.#.### ##
#.#.#...... ..
#.........#..#
##.####.#.#..#


You could see an orc warrior and an orc priest (caught).

Vanquished Creatures
  Pikel (D:4)
  The ghost of scythe the Destroyer, a novice DsWz of Makhleb (D:4)
  A water moccasin (D:5)
  2 ice beasts
  An ogre (D:4)
  A centaur (D:5)
  2 giant frogs (D:6)
  2 crimson imps
  A quasit (D:5)
  6 orc wizards
  3 worker ants
  Jessica (D:2)
  A hound skeleton (D:4)
  7 gnolls
  2 worker ant zombies
  A river rat (D:4)
  7 adders
  4 worms
  An adder skeleton (D:4)
  2 giant geckos
  22 orcs
  9 bats
  11 giant cockroaches
  9 goblins
  8 hobgoblins
  9 jackals
  10 kobolds
  4 quokkas
  4 ball pythons
  5 giant newts
  2 quokka skeletons (D:5)
  7 rats
147 creatures vanquished.

Vanquished Creatures (others)
  A jackal (D:4)
1 creature vanquished.

Grand Total: 148 creatures vanquished

Notes
Turn   | Place    | Note
--------------------------------------------------------------
     0 | D:1      | sugabear the Vine Stalker Gladiator began the quest for the Orb.
     0 | D:1      | Reached XP level 1. HP: 11/11 MP: 2/2
   126 | D:1      | Reached XP level 2. HP: 9/15 MP: 0/3
   129 | D:1      | Reached skill level 3 in Maces & Flails
   529 | D:1      | Reached XP level 3. HP: 18/18 MP: 4/4
   683 | D:2      | Reached skill level 1 in Armour
   905 | D:2      | Found an iron altar of Okawaru.
   967 | D:2      | Noticed Jessica
   990 | D:2      | Killed Jessica
   990 | D:2      | Reached XP level 4. HP: 14/23 MP: 3/5
  1371 | D:2      | Found a sparkling altar of Nemelex Xobeh.
  1413 | D:2      | Found a shattered altar of Ashenzari.
  1526 | D:2      | Reached skill level 1 in Stealth
  1979 | D:3      | Reached XP level 5. HP: 26/26 MP: 6/6
  1996 | D:3      | Found a faded altar to an unknown god.
  2700 | D:3      | Found an oddly glowing altar of Pakellas.
  2700 | D:3      | Found Pakellas's Prime Provisions.
  2838 | D:3      | Gained mutation: You heal very quickly. [Vine Stalker growth]
  2838 | D:3      | Reached XP level 6. HP: 27/32 MP: 7/7
  2975 | D:4      | Found a blossoming altar of Fedhas.
  2978 | D:4      | Noticed scythe's ghost (novice DsWz)
  3121 | D:4      | Killed scythe's ghost
  3121 | D:4      | Reached skill level 4 in Maces & Flails
  3121 | D:4      | Reached XP level 7. HP: 7/36 MP: 5/8
  3355 | D:4      | Noticed Pikel
  3381 | D:4      | Killed Pikel
  3381 | D:4      | Gained mutation: You have razor-sharp teeth. [Vine Stalker growth]
  3381 | D:4      | Reached XP level 8. HP: 14/42 MP: 4/9
  3540 | D:4      | Found a snail-covered altar of Cheibriados.
  3763 | D:4      | Reached skill level 1 in Evocations
  3797 | D:4      | Reached skill level 5 in Dodging
  3824 | D:5      | Entered Level 5 of the Dungeon
  3873 | D:5      | Reached skill level 5 in Maces & Flails
  3994 | D:5      | Found a basalt altar of Yredelemnul.
  4172 | D:5      | Found a stormy altar of Qazlal.
  4540 | D:5      | Reached XP level 9. HP: 25/45 MP: 7/10
  4798 | D:6      | Reached skill level 6 in Dodging
  5035 | D:6      | Slain by an orc warrior

Vault maps used:
D:1:      lightli_arrival_noodles
D:2:      evilmike_ruin_ashenzari, nicolae_overflow_crystal_walls,
          okawaru_metal_pillars_1_2, roderic_roman_lattice, uniq_jessica
D:3:      ecumenical_altar_1, johnstein_pakellas_shop
D:4:      lemuel_coloured_pillars_altar, overflow_temple_1_default, first_bread,
          gup_sewer_entry_bowl, kennysheep_nondescript, minmay_distorted,
          uniq_pikel
D:5:      lemuel_round_altar, overflow_temple_1_default

Action                   |  1- 3 |  4- 6 |  7- 9 || total
-------------------------+-------+-------+-------++-------
Melee: Flail             |    84 |   201 |    40 ||   325
       Whip              |       |       |   213 ||   213
Throw: Javelin           |       |     3 |       ||     3
       Throwing net      |       |       |     2 ||     2
Evoke: Wand              |       |     1 |     2 ||     3
 Stab: Sleeping          |     2 |     1 |     4 ||     7
       Held in net/web   |       |       |     1 ||     1
  Eat: Chunk             |       |     7 |     7 ||    14
